 Seeded DCSS version 0.26-a0-50-gc4d14cd (webtiles) character file.

Game seed: 11301349378719138389

19135 Auros the Impaler (level 12, 0/83 HPs)
             Began as a Merfolk Monk on June 2, 2020.
             Was a High Priest of Hepliaklqana.
             Slain by a death yak (24 damage)
             ... on level 10 of the Dungeon on June 4, 2020.
             The game lasted 01:12:35 (14254 turns).

Auros the Impaler (Merfolk Monk)                   Turns: 14254, Time: 01:12:36

Health: 0/83       AC:  9    Str: 15    XL:     12   Next: 65%
Magic:  1/7        EV: 21    Int: 21    God:    Hepliaklqana [*****.]
Gold:   672        SH:  0    Dex: 24    Spells: 4/14 levels left

rFire    . . .     SeeInvis .   O - +2 trident (freeze)
rCold    + . .     Gourm    .   (no shield)
rNeg     . . .     Faith    .   J - +1 leather armour "Kihufarph" {+Fly rPois Int+5 Stlth-}
rPois    +         Spirit   .   (no helmet)
rElec    .         Reflect  .   v - scarf {+Inv}
rCorr    .         Harm     .   w - +0 pair of gloves
MR       .....                  (no boots)
Stlth    +.........             X - amulet of the acrobat
HPRegen  0.23/turn              A - ring of Laamadump {rPois rC+ MP-9 Int+6 Dex+7}
MPRegen  0.10/turn              S - +4 ring of protection

@: no status effects
A: change form in water, swift swim, stealthy swim, reduced essence
a: Recall Ancestor, Ancestor Identity, Transference, Idealise, Renounce
Religion, Evoke Invisibility, Evoke Flight


You were on level 10 of the Dungeon.
You worshipped Hepliaklqana.
Hepliaklqana was extremely pleased with you.
You were not hungry.

You visited 2 branches of the dungeon, and saw 13 of its levels.

You collected 784 gold pieces.
You spent 112 gold pieces at shops.

Inventory:

Hand Weapons
 j - a +5 scythe of freezing
 O - a +2 trident of freezing (weapon)
Missiles
 R - 2 throwing nets (quivered)
Armour
 q - +0 ice dragon scales
 r - a +0 plate armour
 v - a scarf of invisibility (worn)
 w - a +0 pair of gloves (worn)
 J - the +1 leather armour "Kihufarph" (worn) {+Fly rPois Int+5 Stlth-}
   (You found it on level 9 of the Dungeon)

   It affects your intelligence (+5).
   It protects you from poison.
   It lets you fly.
   It makes you less stealthy.
 K - a +3 ring mail of cold resistance
Jewellery
 l - an uncursed ring of stealth {unknown}
 A - the ring of Laamadump (left hand) {rPois rC+ MP-9 Int+6 Dex+7}
   (You found it on level 5 of the Dungeon)

   [ring of intelligence]

   It affects your intelligence (+6).
   It affects your dexterity (+7).
   It protects you from cold.
   It protects you from poison.
   It affects your magic capacity (-9).
 H - a +6 ring of strength
 S - a +4 ring of protection (right hand)
 X - an amulet of the acrobat (around neck)
Wands
 h - a wand of flame (22)
 F - a wand of digging (5)
 I - a wand of acid (12)
 Q - a wand of enslavement (1)
 U - a wand of clouds (7)
 V - a wand of random effects (17)
Scrolls
 b - 4 scrolls of noise {unknown}
 c - 6 scrolls of remove curse
 f - a scroll of amnesia {unknown}
 i - 4 scrolls of identify
 n - 4 scrolls of magic mapping {unknown}
 s - 2 scrolls of fog
 t - 4 scrolls of teleportation
 B - 3 scrolls of enchant weapon {unknown}
 L - 2 scrolls of blinking
 N - 2 scrolls of vulnerability {unknown}
Potions
 d - 2 potions of mutation {unknown}
 e - a potion of experience
 g - 2 potions of might
 k - 2 potions of heal wounds
 m - 2 potions of cancellation {unknown}
 u - 9 potions of curing {unknown}
 D - 5 potions of flight {unknown}
 E - 2 potions of haste
 M - 2 potions of stabbing
 P - a potion of resistance {unknown}
 W - a potion of magic {unknown}
Comestibles
 z - 15 rations


   Skills:
 - Level 8.2 Fighting
 - Level 15.2 Polearms
 - Level 9.7 Dodging
 - Level 2.1 Stealth
 + Level 1.7 Spellcasting
 - Level 6.0 Hexes
 - Level 8.8 Charms
 - Level 6.0 Summonings
 - Level 7.0 Ice Magic
 - Level 3.0 Invocations
 - Level 6.0 Evocations


You had 4 spell levels left.
You knew the following spells:

 Your Spells              Type           Power        Failure   Level  Hunger
a - Summon Guardian Gole  Hex/Summ       ####....     4%          3    ###....
b - Summon Ice Beast      Ice/Summ       ####....     13%         4    #####..
c - Ozocubu's Armour      Chrm/Ice       ####....     2%          3    ###....

Your spell library contained the following spells:

 Spells                   Type           Power        Failure   Level  Hunger
 Freeze                   Ice            ####         1%          1    #......
 Summon Small Mammal      Summ           ####         1%          1    #......
 Call Imp                 Summ           ####....     2%          2    ###....
 Frozen Ramparts          Ice            ####..       3%          3    ###....
 Call Canine Familiar     Summ           ####....     4%          3    ###....
 Hailstorm                Conj/Ice       ###.....     41%         4    #####..
 Summon Lightning Spire   Summ/Air       ##......     47%         4    #####..
 Iskenderun's Battlesphe  Conj/Chrm      ###.....     65%         5    ######.
 Bolt of Magma            Conj/Fire/Erth #.........   99%         5    ######.
 Iron Shot                Conj/Erth      #.........   100%        6    #######
 Orb of Destruction       Conj           #.........   100%        7    #######
 Spellforged Servitor     Conj/Summ      ##........   100%        7    #######


Dungeon Overview and Level Annotations

Branches:
Dungeon (11/15)            Temple (0/1) D:4            Lair (2/6) D:10
  Swamp (0/4) Lair:2
  Snake: Lair:2-4    Spider: Lair:2-4       Orc: D:9-12

Altars:
Ashenzari
Dithmenos
Hepliaklqana
Kikubaaqudgha
Nemelex Xobeh
Okawaru
Qazlal
Ru
Trog
Uskayaw
Xom
Yredelemnul
The Shining One

Shops:
D:9 *?

Annotations:
D:10 exclusion: ice statue
Lair:2 2 runed translucent doors, OldCatCapnomancer's ghost, novice DsFE


Message History

The death yak gores you.
You climb upwards.
Welcome back to the Dungeon!
Level annotation: exclusion: ice statue
There is a staircase to the Lair here.
You puncture the death yak! You freeze the death yak.
The death yak is moderately wounded.
You hit the death yak. You freeze the death yak.
The death yak is moderately wounded.
The death yak gores you!!
* * * LOW HITPOINT WARNING * * *
Casting: Summon Guardian Golem (dangerous; 4% risk of failure)
Confirm with . or Enter, or press ? or * to list all spells.
The spell is dangerous to cast (13% risk of failure)!
Continue anyway?
A chill wind blows around you. The death yak gores you!!
* * * LOW HITPOINT WARNING * * *
Your ice beast hits the death yak but does no damage.
You hit the death yak. You freeze the death yak.
The death yak is moderately wounded.
The death yak gores you!!
You die...

≈≈....##.####..# ##############
≈≈....##....##.## #.....#......#
≈.....##....##..# #.....#.####.#
≈...#.##....##..## #.....#.# #.##
≈.[)#.##....##...# #.....#.# #...
≈...#.##....##...####.....#.#######
≈...#.....................#..[.....
≈...####.######...###.....########.
....#.........#..@Y...........# #.
....#.##......##.Y#......####.####.
....#.##......##..#......# #......
....#.##......###........# ######.
....#.###########........#########.
....#.# #......#....<...........#.
......####......##......########.#.
......#..'......+................#.
....#.#.##......##......#######..#.


You could see a death yak and a friendly ice beast (summoned).

Vanquished Creatures
  A frost giant (D:10)
  Harold (D:10)
  2 hydras
  Pikel (D:7)
  A deep elf mage (D:10)
  Joseph (D:10)
  2 spiny frogs (Lair:2)
  A gargoyle (D:11)
  2 trolls
  Sigmund (D:3)
  4 yaks
  A basilisk (shapeshifter) (D:10)
  A basilisk (Lair:2)
  2 water moccasins
  2 swamp worms (Lair:2)
  Duvessa (D:7)
  2 eyes of draining (D:7)
  14 ice beasts
  2 orc warriors
  2 sky beasts (D:11)
  A black bear (D:11)
  2 phantoms
  3 ogres
  2 centaurs
  A crocodile (Lair:2)
  2 big kobolds
  3 bullfrogs
  Dowan (D:7)
  5 scorpions
  4 killer bees
  4 electric eels (D:10)
  2 howler monkeys
  4 bullfrog zombies
  A crimson imp (D:11)
  A quasit (D:5)
  A jelly (D:10)
  3 hounds
  6 orc wizards
  A bullfrog skeleton (D:4)
  5 orc priests
  A centaur skeleton (D:8)
  7 iguanas
  Terence (D:3)
  6 worker ants
  A hound skeleton (D:3)
  A worker ant zombie (D:8)
  12 adders
  5 oozes
  An adder skeleton (D:10)
  An adder zombie (D:9)
  2 worms
  3 dart slugs
  4 leopard geckos
  26 orcs
  2 ball pythons
  2 bats (D:3)
  7 giant cockroaches
  2 hobgoblins
  3 jackals (D:11)
  2 quokkas
  3 frilled lizards (D:2)
  5 goblins
  A jackal zombie (D:5)
  6 kobolds
  A leopard gecko zombie (D:5)
  A quokka zombie (D:6)
  3 rats
  A fungus (Lair:2)
206 creatures vanquished.

Vanquished Creatures (collateral kills)
  A hydra (Lair:2)
  An ice dragon (D:10)
  Erica (D:8)
  A death yak (Lair:1)
  An ugly thing (D:11)
  A torpor snail (Lair:2)
  Maggie (Lair:1)
  2 spiny frogs
  A troll (D:11)
  2 hippogriffs
  2 yaks
  An acid dragon (D:9)
  A water moccasin (D:6)
  An orc warrior (D:9)
  A black bear (D:11)
  3 ice beasts (D:10)
  A phantom (D:5)
  A sky beast (D:5)
  An ogre (D:4)
  A big kobold (D:7)
  4 bullfrogs
  A scorpion (D:11)
  2 killer bees (D:10)
  An electric eel (D:10)
  A crimson imp (D:5)
  A jelly (D:10)
  A centaur zombie (D:5)
  A bullfrog skeleton (D:5)
  An iguana (D:4)
  2 orc wizards (D:8)
  4 adders
  3 leopard geckos
  14 orcs
  A ball python (D:5)
  3 jackals (D:4)
  3 kobolds (D:9)
  A fungus (Lair:2)
69 creatures vanquished.

Vanquished Creatures (others)
  A hydra (Lair:2)
  A slave (D:7)
  12 knights
  2 fungi (Lair:2)
  A plant (Lair:2)
17 creatures vanquished.

Grand Total: 292 creatures vanquished

Notes
Turn   | Place    | Note
-------+----------+-------------------------------------------
     0 | D:1      | Auros the Merfolk Monk began the quest for the Orb.
     0 | D:1      | Reached XP level 1. HP: 18/18 MP: 1/1
    51 | D:1      | Reached skill level 5 in Polearms
    63 | D:1      | Reached XP level 2. HP: 23/24 MP: 2/2
    82 | D:1      | You fall into a shaft and drop 1 floor!
   283 | D:3      | Reached skill level 6 in Polearms
   283 | D:3      | Reached XP level 3. HP: 27/29 MP: 3/3
   604 | D:3      | Reached skill level 15 in Polearms
   604 | D:3      | Reached XP level 4. HP: 35/35 MP: 4/4
   697 | D:3      | Noticed Terence
   715 | D:3      | Killed Terence
   715 | D:3      | Reached XP level 5. HP: 9/41 MP: 5/5
   969 | D:3      | Noticed Sigmund
  1043 | D:3      | Killed Sigmund
  1043 | D:3      | Reached skill level 5 in Dodging
  1043 | D:3      | Reached XP level 6. HP: 12/48 MP: 6/6
  1964 | D:2      | Found a glowing golden altar of the Shining One.
  2328 | D:2      | Found a hazy altar of Hepliaklqana.
  2574 | D:2      | Became a worshipper of Hepliaklqana the Forgotten
  2574 | D:2      | Reached * piety under Hepliaklqana
  2574 | D:2      | Reached ** piety under Hepliaklqana
  2575 | D:2      | Remembered your ancestor Me Old Mucker as a knight
  2689 | D:4      | Found a shadowy altar of Dithmenos.
  2689 | D:4      | Noticed a phantom
  2696 | D:4      | Killed a phantom
  2696 | D:4      | Reached XP level 7. HP: 42/49 MP: 7/7
  2895 | D:4      | Found a staircase to the Ecumenical Temple.
  2916 | D:4      | Reached skill level 5 in Fighting
  3153 | D:4      | Found a basalt altar of Yredelemnul.
  3259 | D:4      | Reached XP level 8. HP: 50/56 MP: 8/8
  3456 | D:5      | Entered Level 5 of the Dungeon
  3587 | D:5      | Found an iron altar of Okawaru.
  3906 | D:5      | Found a stormy altar of Qazlal.
  3911 | D:5      | Noticed a water elemental
  3911 | D:5      | Noticed an air elemental
  4060 | D:5      | Got a crude lapis lazuli ring
  4069 | D:5      | Identified the ring of Laamadump {rPois rC+ MP-9 Int+6
                  | Dex+7} (You found it on level 5 of the Dungeon)
  4401 | D:6      | Found a sacrificial altar of Ru.
  4412 | D:6      | Reached XP level 9. HP: 55/64 MP: 0/9
  4468 | D:6      | Found a shimmering altar of Xom.
  4566 | D:6      | Reached skill level 1 in Evocations
  4608 | D:6      | Reached *** piety under Hepliaklqana
  4821 | D:6      | Found a shattered altar of Ashenzari.
  5351 | D:7      | Found a bloodstained altar of Trog.
  5421 | D:7      | Reached **** piety under Hepliaklqana
  5440 | D:7      | Noticed Pikel
  5449 | D:7      | Killed Pikel
  5449 | D:7      | Reached skill level 5 in Evocations
  5937 | D:7      | Noticed Dowan
  5938 | D:7      | Noticed Duvessa
  5947 | D:7      | Killed Duvessa
  5947 | D:7      | Reached XP level 10. HP: 66/71 MP: 5/14
  5953 | D:7      | Killed Dowan
  6003 | D:7      | Got a crude robe
  6014 | D:7      | Identified the +2 robe of the Morning Star {rF+ rC- Int+4}
                  | (You found it on level 7 of the Dungeon)
  6064 | D:8      | Upgraded the game from 0.26-a0-43-g20b394c to
                  | 0.26-a0-50-gc4d14cd
  6139 | D:8      | Reached skill level 1 in Invocations
  6290 | D:8      | Noticed Erica
  6305 | D:8      | Killed Erica
  6542 | D:9      | Found a sparkling altar of Nemelex Xobeh.
  6574 | D:9      | Found a hide-covered altar of Uskayaw.
  6585 | D:9      | Got a polished leather armour
  6596 | D:9      | Identified the +1 leather armour "Kihufarph" {+Fly rPois
                  | Int+5 Stlth-} (You found it on level 9 of the Dungeon)
  6613 | D:9      | Learned a level 3 spell: Summon Guardian Golem
  6705 | D:9      | Reached skill level 1 in Hexes
  6705 | D:9      | Reached skill level 1 in Summonings
  6969 | D:9      | Found Wuuqacoe's General Store.
  7365 | D:9      | Found an ancient bone altar of Kikubaaqudgha.
  7398 | D:9      | Found Lapeq's Magic Scroll Boutique.
  7403 | D:9      | Bought a scroll of blinking for 112 gold pieces
  7531 | D:10     | Entered Level 10 of the Dungeon
  7535 | D:10     | Noticed a deep elf mage
  7543 | D:10     | Killed a deep elf mage
  7543 | D:10     | Reached XP level 11. HP: 77/77 MP: 2/15
  7621 | D:10     | Noticed Joseph
  7636 | D:10     | Killed Joseph
  8384 | D:10     | Reached skill level 5 in Hexes
  8384 | D:10     | Reached skill level 5 in Summonings
  8404 | D:10     | Reached ***** piety under Hepliaklqana
  8453 | D:10     | Found a staircase to the Lair.
  8544 | D:10     | Noticed Harold
  8567 | D:10     | Killed Harold
  9163 | D:10     | Learned a level 4 spell: Summon Ice Beast
  9183 | D:10     | Noticed an ice dragon
  9619 | D:10     | Killed an ice dragon
 10008 | D:10     | Noticed a frost giant
 10073 | D:10     | Killed a frost giant
 10073 | D:10     | Reached skill level 5 in Ice Magic
 10892 | D:11     | Reached skill level 1 in Spellcasting
 11870 | D:11     | Noticed a skeletal warrior
 12052 | D:11     | Learned a level 3 spell: Ozocubu's Armour
 12106 | D:11     | Noticed a brown ugly thing
 12118 | D:11     | Killed a brown ugly thing
 12118 | D:11     | Reached skill level 1 in Charms
 12118 | D:11     | Reached XP level 12. HP: 56/83 MP: 2/16
 12373 | Lair:1   | Entered Level 1 of the Lair of Beasts
 12818 | Lair:1   | Noticed Maggie
 12834 | Lair:1   | Killed Maggie
 13069 | Lair:1   | Noticed an eight-headed hydra
 13082 | Lair:1   | Killed an eight-headed hydra
 13312 | Lair:2   | Noticed a six-headed hydra
 13318 | Lair:2   | Killed a six-headed hydra
 13318 | Lair:2   | Reached skill level 5 in Charms
 13393 | Lair:2   | Found a staircase to the Swamp.
 13524 | Lair:2   | Noticed a four-headed hydra
 13537 | Lair:2   | Killed a four-headed hydra
 13566 | Lair:2   | Noticed a four-headed hydra
 13582 | Lair:2   | Killed a four-headed hydra
 13804 | Lair:2   | Found a large runed translucent door.
 13804 | Lair:2   | Found a large runed translucent door.
 13805 | Lair:2   | Noticed OldCatCapnomancer's ghost (novice DsFE)
 13815 | Lair:2   | Noticed a death yak
 13816 | Lair:2   | Noticed a death yak
 13818 | Lair:2   | Noticed a death yak
 13829 | Lair:2   | Noticed a death yak
 13854 | Lair:1   | Killed a death yak
 14254 | D:10     | Slain by a death yak

Illustrated notes

Levels and vault maps discovered:
D:1:      roderic_crop_circles_arrival_small, layout_basic, st_stairs_6
D:2:      layout_loops_cross, nicolae_tso_swordbearing_angel, marbit_many_paths,
          first_ration
D:3:      layout_loops_ring, uniq_sigmund, uniq_terence
D:4:      layout_basic, nicolae_overflow_hidden_temple, grunt_dithmenos_shadows,
          minmay_temple_entry_proselytizer
D:5:      layout_rooms, nicolae_qazlal_style_of_elements, okawaru_gym_becter
D:6:      layout_basic, kennysheep_little_box,
          chequers_temple_overflow_statue_of_worship
D:7:      layout_gridville, trog_eyes_of_draining, uniq_duvessa, uniq_pikel
D:8:      layout_rooms, kennysheep_generic_room_11, uniq_erica
D:9:      layout_roguey, eat_drink_and_be_merry_uskayaw,
          kiku_gazebo_pond_becter, serial_shops, shop, shop, basic_altar
D:10:     minmay_twisted_water, layout_basic, lair_entry_dummy, uniq_joseph,
          uniq_harold
D:11:     minmay_bloctagon, layout_stronghold
Lair:1:   layout_regular_city, lemuel_fruit_fields, uniq_maggie
Lair:2:   layout_misc_corridors, minmay_swamp_entry_worms,
          ebering_ghost_disaster_area

Skill      XL: |  1  2  3  4  5  6  7  8  9 10 11 12 |
---------------+-------------------------------------+-----
Polearms       | 5 6 15 | 15.2
Fighting       | 4 5 7 8 |  8.2
Dodging        | 5 6 8 9 |  9.7
Evocations     | 5 6 |  6.0
Invocations    | 3 |  3.0
Hexes          | 3 6 |  6.0
Summonings     | 3 6 |  6.0
Ice Magic      | 7 |  7.0
Spellcasting   | 1 |  1.7
Charms         | 1 8 |  8.8
Stealth        | |  2.1

Action                   |  1- 3 |  4- 6 |  7- 9 | 10-12 || total
-------------------------+-------+-------+-------+-------++-------
Melee: Spear             |    64 |    53 |       |       ||   117
       Scythe            |       |    63 |   183 |   213 ||   459
       Trident           |       |       |       |   218 ||   218
       Tailslap          |       |       |       |     7 ||     7
Throw: Stone             |       |     1 |       |     4 ||     5
 Cast: Summon Guardian G |       |       |       |    17 ||    17
       Summon Ice Beast  |       |       |       |     6 ||     6
       Ozocubu's Armour  |       |       |       |     2 ||     2
Invok: Ancestor Life: Kn |       |     1 |       |       ||     1
       Ancestor Identity |       |     1 |       |       ||     1
       Recall Ancestor   |       |       |       |     2 ||     2
       Idealise          |       |       |       |     1 ||     1
 Abil: Evoke Invisibilit |       |       |       |     7 ||     7
       Evoke Flight      |       |       |       |     3 ||     3
Evoke: Wand              |       |       |       |    22 ||    22
  Use: Potion            |     1 |       |       |     6 ||     7
       Scroll            |       |       |       |     9 ||     9
 Stab: Sleeping          |     2 |       |       |     2 ||     4
       Distracted        |       |       |       |     7 ||     7
       Invisible         |       |       |       |     5 ||     5
  Eat: Chunk             |       |     6 |    10 |    21 ||    37
       Ration            |       |       |       |     4 ||     4
Armor: Robe              |    19 |     1 |       |       ||    20
       Scale mail        |       |    19 |    45 |     1 ||    65
       Leather armour    |       |       |       |    39 ||    39
       Ring mail         |       |       |       |     5 ||     5
Dodge: Dodged            |    60 |    49 |   104 |   262 ||   475

Table legend:
 A = Non-vault XP
 B = Vault XP
 C = Vault XP percentage of total XP
 D = Non-vault monster count
 E = Vault monster count
 F = Vault count percentage of total count
                 A         B        C        D         E       F
            +---------+---------+-------+---------+---------+-------
      Total |   16636 |   10640 |  39.0 |     232 |      42 |  15.3
            +---------+---------+-------+---------+---------+-------
        D:1 |      11 |       0 |   0.0 |       4 |       0 |   0.0
        D:2 |     105 |      13 |  11.0 |      25 |       1 |   3.8
        D:3 |      66 |     259 |  79.7 |      14 |       2 |  12.5
        D:4 |     569 |     169 |  22.9 |      20 |       2 |   9.1
        D:5 |     994 |       0 |   0.0 |      28 |       0 |   0.0
        D:6 |    1032 |       0 |   0.0 |      32 |       0 |   0.0
        D:7 |     141 |    1349 |  90.5 |       4 |       7 |  63.6
        D:8 |     715 |    1115 |  60.9 |      16 |       3 |  15.8
        D:9 |    2207 |       0 |   0.0 |      33 |       0 |   0.0
       D:10 |    1823 |    5839 |  76.2 |      26 |      17 |  39.5
       D:11 |    1671 |    1269 |  43.2 |      13 |       7 |  35.0
     Lair:1 |    2098 |     305 |  12.7 |       3 |       1 |  25.0
     Lair:2 |    5204 |     322 |   5.8 |      14 |       2 |  12.5
            +---------+---------+-------+---------+---------+-------
